 Dungeon Crawl Stone Soup version 0.29-a0-297-g7659ce593d (webtiles) character file.

Game seed: 8557729000529608666

17687 Peren the Covert (level 12, -1/60 HPs)
             Began as a Spriggan Enchanter on Mar 20, 2022.
             Was a Believer of Dithmenos.
             Slain by a slime creature (11 damage)
             ... summoned by an orc wizard
             ... on level 12 of the Dungeon.
             The game lasted 00:41:45 (15519 turns).

Peren the Covert (Spriggan Enchanter)              Turns: 15519, Time: 00:41:46

Health: -1/60      AC: 11    Str:  8    XL:     12   Next: 21%
Magic:  25/29      EV: 22    Int: 15    God:    Dithmenos [**....]
Gold:   364        SH:  0    Dex: 16    Spells: 27/35 levels left

rFire   . . .      SeeInvis +   x - +3 dagger (freeze)
rCold   . . .      Faith    .   (no shield)
rNeg    . . .      Spirit   .   b - +1 robe
rPois   .          Reflect  .   (helmet restricted)
rElec   +          Harm     .   j - scarf {repulsion}
rCorr   .          Rampage  .   (gloves unavailable)
Will    ++...                   (boots unavailable)
Stlth   +++++++...              (no amulet)
HPRegen 0.20/turn               y - +4 ring of protection
MPRegen 0.21/turn               (no ring)

@: wreathed by umbra, repel missiles, unable to read, very quick
A: very small, no large weapons, unfitting armour, see invisible, speed 3,
iridescent scales 2, dopey 1, electricity resistance, inability to read while
threatened
a: Renounce Religion, Shadow Step


You were on level 12 of the Dungeon.
You worshipped Dithmenos.
Dithmenos was pleased with you.
You visited 2 branches of the dungeon, and saw 13 of its levels.
You also visited: Ossuary.

You collected 848 gold pieces.
You spent 484 gold pieces at shops.

Inventory:

Hand Weapons
 a - a +2 dagger
 p - a +2 dagger of venom
 x - a +3 dagger of freezing (weapon)
 B - the +4 dagger "Ditweqa" {vorpal, *Rage rElec rPois rF+}
   (You bought it in a shop on level 10 of the Dungeon)

   It inflicts extra damage upon your enemies.
   rF:        It protects you from fire.
   rElec:     It insulates you from electricity.
   rPois:     It protects you from poison.
   *Rage:     It berserks you when you make melee attacks (+20% chance).
Missiles
 d - 20 poisoned darts (quivered)
Armour
 b - a +1 robe (worn)
 j - a scarf of repulsion (worn)
Jewellery
 y - a +4 ring of protection (left hand)
Wands
 m - a wand of polymorph (9)
 w - a wand of acid (4)
 A - a wand of charming (2)
Scrolls
 e - 4 scrolls of fog
 h - a scroll of blinking
 o - 2 scrolls of teleportation
 r - a scroll of immolation
 s - 4 scrolls of identify
 v - a scroll of fear
 z - 2 scrolls of enchant armour
 D - a scroll of magic mapping
Potions
 c - 2 potions of invisibility
 f - a potion of attraction
 g - 4 potions of brilliance
 i - a potion of haste
 k - 7 potions of lignification
 l - a potion of resistance
 n - a potion of curing
 q - a potion of might
 t - 2 potions of flight
 u - a potion of mutation
 C - a potion of berserk rage


   Skills:
 + Level 5.5 Fighting
 + Level 7.6 Short Blades
 + Level 9.3 Dodging
 + Level 14.4 Stealth
 + Level 12.0 Spellcasting
 + Level 12.2 Hexes


You had 27 spell levels left.
You knew the following spells:

 Your Spells              Type           Power      Damage    Failure   Level
a - Ensorcelled Hibernat  Hex/Ice        54%        N/A       1%          2
b - Tukima's Dance        Hex            45%        N/A       1%          3
d - Confusing Touch       Hex            45%        N/A       1%          3

Your spell library contained the following spells:

 Spells                   Type           Power      Damage    Failure   Level
 Slow                     Hex            100%       N/A       1%          1
 Dazzling Flash           Conj/Hex       54%        N/A       1%          3
 Corpse Rot               Necr/Air       18%        N/A       12%         2
 Static Discharge         Conj/Air       9%         N/A       12%         2
 Metabolic Englaciation   Hex/Ice        13%        N/A       19%         5
 Vampiric Draining        Necr           9%         2d6       24%         3
 Animate Dead             Necr           4%         N/A       61%         4
 Dispel Undead            Necr           9%         3d8       61%         4
 Iskenderun's Mystic Bla  Conj/Tloc      9%         2d4       61%         4
 Petrify                  Tmut/Erth      9%         N/A       61%         4
 Sticky Flame             Conj/Fire      9%         2d3       61%         4
 Borgnjor's Vile Clutch   Necr/Erth      4%         N/A       91%         5
 Death Channel            Necr           4%         N/A       100%        6
 Starburst                Conj/Fire      4%         6d4       100%        6
 Statue Form              Tmut/Erth      6%         N/A       100%        6


Dungeon Overview and Level Annotations

Branches:
Dungeon (12/15)            Temple (1/1) D:5            Lair (0/6) D:10
    Orc (0/2) D:11        Ossuary (visited)

Altars:
Ashenzari
Cheibriados
Dithmenos
Elyvilon
Fedhas
Gozag
Hepliaklqana
Kikubaaqudgha
Makhleb
Nemelex Xobeh
Okawaru
Qazlal
Ru
Sif Muna
Trog
Uskayaw
Vehumet
Wu Jian
Xom
Yredelemnul
Zin
The Shining One
Beogh

Shops:
D:8 ?   D:9 *   D:10 (   D:11 [   D:12 [?

Annotations:
D:7 2 transporters, Dabor's ghost, novice GrFi


Innate Abilities, Weirdness & Mutations

You are very small and have problems with some larger weapons.
You are too small for most types of armour.
You have supernaturally acute eyesight. (SInv)
You cover ground extremely quickly. (Speed+++)
You are mostly covered in iridescent scales. (AC +4)
You are dopey. (Int -2)
You are resistant to electric shocks. (rElec)
You sometimes lose the ability to read scrolls when taking damage.


Message History

The slime creature closely misses you.
You hit the large slime creature. You freeze the large slime creature.
The large slime creature is lightly wounded.
The orc completely misses you. The slime creature misses you.
The orc wizard misses you.
You hit the large slime creature. You freeze the large slime creature.
The large slime creature is lightly wounded.
The slime creature hits you but does no damage.
The large slime creature hits you!
* * * LOW HITPOINT WARNING * * *
The slime creature hits you but does no damage.
You are too injured to fight recklessly!
You are too injured to fight recklessly!
Unknown command.
Casting: Confusing Touch (safe; 1% risk of failure)
Confirm with . or Enter, or press ? or * to list all spells.
You don't know that spell.
Okay, then.
Unknown command.
Unknown command.
Casting: Confusing Touch (safe; 1% risk of failure)
Confirm with . or Enter, or press ? or * to list all spells.
Aiming: Ensorcelled Hibernation (safe; 1% risk of failure)
Press: ? - help, Shift-Dir - straight line, f - orc wizard
Aim: an orc wizard, wielding a +0 dagger and wearing a +0 robe (umbra, chance to affect: 58%)
The orc wizard resists with significant effort.
The orc wizard gestures wildly while chanting.
The orc wizard flickers and vanishes for a moment.
The orc misses you. The slime creature misses you.
The slime creature barely misses you. The slime creature hits you!
* * * LOW HITPOINT WARNING * * *
The large slime creature completely misses you.
Casting: Ensorcelled Hibernation (safe; 1% risk of failure)
Confirm with . or Enter, or press ? or * to list all spells.
Aiming: Ensorcelled Hibernation (safe; 1% risk of failure)
Press: ? - help, Shift-Dir - straight line, f/p - orc wizard
Aim: an orc wizard, wielding a +0 dagger and wearing a +0 robe (slightly transparent, umbra, chance to affect: 58%)
The orc wizard looks drowsy...
The orc closely misses you. The slime creature hits you!
You die...

#...# #...# ##...#
#....# #..#.#
#...## .#
#.JJJ#...#
##.J@ox...# #####
#..##o.####
#...######.###.##
#............o..#
#...###########...
. #...# ### O.
##.## ##### ...
#.#### #...##....
#....#### #.....
#.. .


You could see a large slime creature (summoned), 3 slime creatures, an unseen
horror (summoned, invisible), an orc wizard (invisible, asleep) and an orc.

Vanquished Creatures
  Josephine (D:12)
  A boulder beetle (D:12)
  Erolcha (D:12)
  A two-headed ogre (D:12)
  An ogre mage (D:10)
  Urug (D:12)
  2 deep elf pyromancers (D:12)
  A cyclops (D:12)
  A manticore (D:11)
  2 unseen horrors (D:12)
  Psyche (D:11)
  3 kobold demonologists
  A komodo dragon (D:11)
  2 trolls
  A hornet (D:8)
  Grinder (D:3)
  Prince Ribbit (D:6)
  A shadow (D:9)
  7 wraiths
  A wyvern (D:10)
  Sigmund (D:5)
  16 yaks
  A basilisk (D:12)
  A steam dragon (D:3)
  4 vampire mosquitoes (D:12)
  Menkaure (D:5)
  3 acid dragons
  5 orc warriors
  A sky beast (D:5)
  4 black bears
  An ogre (D:6)
  5 centaurs
  4 kobold brigands
  2 gnoll sergeants (D:8)
  3 scorpions
  7 bullfrogs
  2 necrophages
  3 wights (D:7)
  4 killer bees (D:10)
  10 howler monkeys
  5 hounds
  2 jellies (D:6)
  4 orc priests
  A gnoll shaman (D:8)
  2 iguanas (D:6)
  9 orc wizards
  8 mummies (Ossuary)
  15 adders
  12 gnolls
  2 ufetubi
  6 worms
  3 dart slugs
  27 orcs
  4 endoplasms
  2 gnoll zombies (Ossuary)
  4 goblins
  7 hobgoblins
  2 jackals (D:5)
  4 quokkas
  11 ball pythons
  3 bats
  2 frilled lizards (D:2)
  2 hobgoblin zombies (Ossuary)
  23 kobolds
  A kobold zombie (Ossuary)
  3 orc zombies (Ossuary)
  5 rats
278 creatures vanquished.

Vanquished Creatures (collateral kills)
  Edmund (D:4)
  A gnoll sergeant (D:7)
  2 wights (D:7)
  5 gnolls
9 creatures vanquished.

Vanquished Creatures (others)
  7 dancing weapons
  7 fungi (D:10)
  8 plants (D:10)
22 creatures vanquished.

Grand Total: 309 creatures vanquished

Notes
Turn   | Place    | Note
-------+----------+-------------------------------------------
     0 | D:1      | Peren the Spriggan Enchanter began the quest for the Orb.
     0 | D:1      | Reached XP level 1. HP: 9/9 MP: 5/5
   540 | D:1      | Reached XP level 2. HP: 12/13 MP: 7/7
   543 | D:1      | Learned a level 2 spell: Ensorcelled Hibernation
  1051 | D:2      | Identified the +3 leather armour of the Vaults {Str+4}
  1845 | D:2      | Reached XP level 3. HP: 16/16 MP: 9/9
  1849 | D:2      | Learned a level 3 spell: Tukima's Dance
  1853 | D:2      | Learned a level 3 spell: Confusing Touch
  3041 | D:3      | Reached skill level 5 in Hexes
  3041 | D:3      | Reached XP level 4. HP: 21/21 MP: 6/11
  3111 | D:3      | Noticed a steam dragon
  3122 | D:3      | Killed a steam dragon
  3123 | D:3      | Reached skill level 5 in Spellcasting
  3123 | D:3      | Reached XP level 5. HP: 24/24 MP: 9/13
  3390 | D:3      | Identified the +2 pair of boots "Garivep" {rElec rF+ rC+
                  | Str-4}
  3391 | D:3      | Noticed Grinder
  3424 | D:3      | Killed Grinder
  3425 | D:3      | Reached skill level 5 in Stealth
  3425 | D:3      | Reached XP level 6. HP: 18/28 MP: 16/16
  3846 | D:3      | Reached skill level 6 in Stealth
  4393 | D:4      | Noticed Edmund
  4413 | D:4      | HP: 1/28 [scorpion (4)]
  4418 | D:4      | Killed Edmund
  4419 | D:4      | Reached XP level 7. HP: 10/32 MP: 2/17
  4508 | D:4      | Reached skill level 7 in Stealth
  4670 | D:4      | You fall into a shaft and drop 3 floors!
  4845 | D:7      | Reached skill level 8 in Stealth
  4845 | D:7      | Reached XP level 8. HP: 36/36 MP: 13/20
  4879 | D:7      | Noticed a hornet
  4885 | D:7      | Noticed a queen bee
  4900 | D:7      | Noticed Dabor's ghost (novice GrFi)
  4919 | D:7      | Found a transporter.
  5036 | D:7      | Found a transporter.
  5121 | D:7      | Found a shimmering blue altar of Sif Muna.
  5374 | D:6      | Reached skill level 9 in Stealth
  5421 | D:6      | Noticed Prince Ribbit
  5428 | D:6      | Killed Prince Ribbit
  5477 | D:6      | Found a sand-covered staircase.
  5488 | Ossuary  | Entered an ossuary
  6130 | D:6      | Reached skill level 10 in Stealth
  6179 | D:5      | Entered Level 5 of the Dungeon
  6536 | D:4      | Reached XP level 9. HP: 38/39 MP: 20/23
  6960 | D:5      | Noticed Sigmund
  6963 | D:5      | Killed Sigmund
  7061 | D:5      | Reached skill level 1 in Fighting
  7140 | D:5      | Noticed Menkaure
  7155 | D:5      | Killed Menkaure
  7482 | D:5      | Gained mutation: You sometimes lose the ability to read
                  | scrolls when taking damage. [potion of mutation]
  7482 | D:5      | Gained mutation: You are weak. (Str -2) [potion of
                  | mutation]
  7482 | D:5      | Gained mutation: You are partially covered in iridescent
                  | scales. (AC +2) [potion of mutation]
  7482 | D:5      | Gained mutation: You are resistant to electric shocks.
                  | (rElec) [potion of mutation]
  7483 | D:5      | Lost mutation: You are weak. (Str -2) [potion of mutation]
  7483 | D:5      | Lost mutation: You sometimes lose the ability to read
                  | scrolls when taking damage. [potion of mutation]
  7483 | D:5      | Gained mutation: You are mostly covered in iridescent
                  | scales. (AC +4) [potion of mutation]
  7483 | D:5      | Gained mutation: You have hidden genetic defects. [potion
                  | of mutation]
  7663 | D:5      | Found a staircase to the Ecumenical Temple.
  7674 | Temple   | Entered the Ecumenical Temple
  8157 | D:6      | Found a sacrificial altar of Ru.
  8174 | D:6      | Found a basalt altar of Yredelemnul.
  8422 | D:6      | Reached skill level 11 in Stealth
  8515 | D:7      | Gained mutation: You sometimes lose the ability to read
                  | scrolls when taking damage. [hidden defects]
  8620 | D:7      | Reached skill level 10 in Hexes
  8625 | D:7      | Reached skill level 5 in Dodging
  8640 | D:7      | Gained mutation: You are dopey. (Int -2) [hidden defects]
  8640 | D:7      | Lost mutation: You have hidden genetic defects. [hidden
                  | defects expressed]
  8800 | D:7      | Found a sparkling altar of Nemelex Xobeh.
  9161 | D:8      | Reached XP level 10. HP: 35/47 MP: 17/24
  9365 | D:8      | Reached skill level 10 in Spellcasting
  9590 | D:8      | Found Malizum's Magic Scroll Emporium.
  9596 | D:8      | Bought a scroll of identify for 22 gold pieces
  9596 | D:8      | Bought a scroll of identify for 22 gold pieces
  9596 | D:8      | Bought a scroll of immolation for 38 gold pieces
  9596 | D:8      | Bought a scroll of immolation for 38 gold pieces
  9596 | D:8      | Bought a scroll of identify for 22 gold pieces
  9596 | D:8      | Bought a scroll of teleportation for 33 gold pieces
  9596 | D:8      | Bought a scroll of teleportation for 33 gold pieces
  9596 | D:8      | Bought a scroll of fear for 38 gold pieces
  9853 | D:8      | Noticed a moth of wrath
  9857 | D:8      | Found a bloodstained altar of Trog.
 10305 | D:9      | Found Ecwev's General Store.
 10722 | D:9      | Noticed a skeletal warrior
 10723 | D:9      | Noticed a skeletal warrior
 10723 | D:9      | Noticed a skeletal warrior
 10892 | D:9      | Found a stormy altar of Qazlal.
 11055 | D:9      | Found a shadowy altar of Dithmenos.
 11068 | D:9      | Became a worshipper of Dithmenos the Shadowed
 11136 | D:9      | Found a snail-covered altar of Cheibriados.
 11172 | D:9      | Found an opulent altar of Gozag.
 11235 | D:9      | Reached skill level 12 in Stealth
 11323 | D:10     | Entered Level 10 of the Dungeon
 11481 | D:10     | Noticed an ogre mage
 11589 | D:10     | Killed an ogre mage
 11590 | D:10     | Reached skill level 5 in Short Blades
 11635 | D:10     | Found Vasib's Antique Weapon Emporium.
 11646 | D:10     | Bought a warped dagger for 189 gold pieces
 11646 | D:10     | Identified the +4 dagger "Ditweqa" {vorpal, *Rage rElec
                  | rPois rF+} (You bought it in a shop on level 10 of the
                  | Dungeon)
 11661 | D:9      | Found a hazy altar of Hepliaklqana.
 11661 | D:9      | Found a white marble altar of Elyvilon.
 11666 | D:9      | Found a burning altar of Makhleb.
 11946 | D:10     | Found a staircase to the Lair.
 12092 | D:10     | Reached * piety under Dithmenos
 12116 | D:10     | Reached XP level 11. HP: 41/53 MP: 9/26
 12703 | D:11     | Found Qaveutye's Antique Armour Shop.
 12750 | D:11     | Noticed Psyche
 12756 | D:11     | Killed Psyche
 12757 | D:11     | Reached skill level 13 in Stealth
 12783 | D:11     | Found a staircase to the Orcish Mines.
 13228 | D:12     | Noticed Erolcha
 13374 | D:12     | Found Salaoqyelu's Magic Scroll Emporium.
 13417 | D:12     | Bought a scroll of magic mapping for 49 gold pieces
 13423 | D:12     | Noticed Josephine
 13423 | D:12     | Noticed a deep elf pyromancer
 13471 | D:11     | Reached ** piety under Dithmenos
 14147 | D:12     | Killed a deep elf pyromancer
 14177 | D:12     | Killed Josephine
 14395 | D:12     | Noticed a deep elf pyromancer
 14398 | D:12     | Noticed a two-headed ogre
 14402 | D:12     | Killed a deep elf pyromancer
 14443 | D:12     | Killed a two-headed ogre
 14444 | D:12     | Reached skill level 5 in Fighting
 14716 | D:12     | Noticed a boulder beetle
 14720 | D:12     | Killed a boulder beetle
 14740 | D:12     | Noticed Urug
 14848 | D:12     | Found Gohyur's Antique Armour Emporium.
 14886 | D:12     | Reached skill level 14 in Stealth
 15035 | D:12     | Killed Erolcha
 15036 | D:12     | Reached XP level 12. HP: 42/60 MP: 10/28
 15349 | D:12     | Killed Urug
 15519 | D:12     | Slain by a slime creature

Illustrated notes

Levels and vault maps discovered:
D:1:      lightli_arrival_chessboard, layout_basic
D:2:      layout_loops_cross, minmay_split_cup_small
D:3:      layout_basic, uniq_grinder
D:4:      layout_loops_cross, minmay_snake_closets, uniq_edmund
D:5:      layout_loops_ring, temple_hall, uniq_sigmund, uniq_menkaure
D:6:      layout_basic, mainiacjoe_overflow_six_doors_small,
          mainiacjoe_overflow_concentric_impassable,
          chequers_ossuary_entry_cave, uniq_prince_ribbit1
D:7:      layout_basic, mainiacjoe_overflow_paths, led_sif_pool,
          gammafunk_ghost_hive
D:8:      layout_loops_ring, tgw_trog, serial_shops, shop_fountains
D:9:      layout_loops_ring, slow_altar_2, kennysheep_mini_moat,
          nicolae_overflow_hidden_temple, mainiacjoe_overflow_catch_the_wave,
          serial_shops, nicolae_shop_statue_plus, amcnicky_mini_corridor_feature
D:10:     layout_rooms, grunt_lair_entry_orc_guard_hut, serial_shops,
          nicolae_shop_stone, kennysheep_just_a_vault
D:11:     layout_long_grid, minmay_orc_entry_temple_small, serial_shops,
          shop_fountains, uniq_psyche
D:12:     minmay_clustersquares, layout_rooms, serial_shops,
          nicolae_shop_advertising_works [nicolae_subvault_shop_adworks],
          nicolae_shop_hallway_stairs, uniq_urug, uniq_josephine, uniq_erolcha
Temple:   dpeg_chambers_temple

Skill      XL: |  1  2  3  4  5  6  7  8  9 10 11 12 |
---------------+-------------------------------------+-----
Spellcasting   | 3 4 5 6 7 9 10 11 12 | 12.0
Hexes          | 4 5 6 7 9 10 11 12 | 12.2
Stealth        | 5 6 8 10 11 12 14 | 14.4
Dodging        | 5 7 8 9 |  9.3
Short Blades   | 3 5 7 |  7.6
Fighting       | 2 3 5 |  5.5

Action                   |  1- 3 |  4- 6 |  7- 9 | 10-12 || total
-------------------------+-------+-------+-------+-------++-------
Melee: Dagger            |    99 |    70 |   275 |   410 ||   854
       Punch             |     1 |     1 |     4 |     7 ||    13
Throw: Dart              |     4 |       |       |     8 ||    12
 Cast: Ensorcelled Hiber |    20 |    15 |    65 |   100 ||   200
       Confusing Touch   |       |     5 |    22 |    16 ||    43
       Tukima's Dance    |       |     7 |    13 |    16 ||    36
Evoke: Wand              |       |     3 |       |     7 ||    10
  Use: Scroll            |     7 |     6 |    10 |     5 ||    28
       Potion            |       |     3 |     5 |     5 ||    13
 Stab: Sleeping          |    14 |    15 |    65 |    71 ||   165
       Confused          |       |     4 |    16 |    15 ||    35
       Distracted        |       |       |     2 |       ||     2
Armor: Robe              |     2 |     4 |    21 |    55 ||    82
Dodge: Dodged            |    86 |    40 |   144 |   292 ||   562
       Repelled          |       |       |       |     2 ||     2

Table legend: (Time is in decaauts)
 A = Elapsed time spent in this place.
 B = Non-inter-level travel time spent in this place.
 C = Inter-level travel time spent in this place.
 D = Time resting spent in this place.
 E = Time spent auto-exploring this place.
 F = Levels seen in this place.
 G = Mean time per level.
                   A        B        C        D        E       F      G
               +--------+--------+--------+--------+--------+-----+--------+
         Total |  12278 |  12017 |    261 |   2516 |   7099 |  14 |  877.0 |
       Dungeon |  11636 |  11378 |    258 |   2290 |   6901 |  12 |  969.7 |
        Temple |    128 |    126 |      2 |      0 |    121 |   1 |  128.0 |
       Ossuary |    513 |    513 |      0 |    226 |     77 |   1 |  513.0 |
               +--------+--------+--------+--------+--------+-----+--------+

Top non-repeatable levels by time:
    D:11: 1668 daAuts
     D:2: 1426 daAuts
     D:1: 1207 daAuts
    D:12: 1052 daAuts
     D:5: 1016 daAuts
     D:7: 936 daAuts
     D:8: 889 daAuts
    D:10: 792 daAuts
     D:9: 756 daAuts
     D:4: 732 daAuts
     D:3: 622 daAuts
     D:6: 534 daAuts
 Ossuary: 513 daAuts
  Temple: 128 daAuts
